 Dungeon Crawl Stone Soup version 0.21.1-1-g345015fe64 (webtiles) character file.

1087 LevaFresel the Slinger (level 8, 0/54 HPs)
             Began as a Halfling Hunter on June 4, 2018.
             Killed from afar by Chudej's ghost (12 damage)
             ... with a magic dart
             ... on level 4 of the Dungeon.
             The game lasted 00:29:33 (4064 turns).

LevaFresel the Slinger (Halfling Hunter)            Turns: 4064, Time: 00:29:34

Health: 0/54       AC:  7    Str: 15    XL:     8   Next: 56%
Magic:  8/8        EV: 15    Int:  9    God:
Gold:   207        SH:  0    Dex: 15    Spells: 5/7 levels left

rFire    x . .     SeeInvis .   b - +3 dagger (venom)
rCold    + . .     Gourm    .   (shield restricted)
rNeg     . . .     Faith    .   q - +0 ring mail
rPois    .         Spirit   .   (no helmet)
rElec    .         Reflect  .   (no cloak)
rCorr    .         Harm     .   (no gloves)
MR       .....                  e - +0 pair of boots
Stlth    +.........             (no amulet)
HPRegen  0.18/turn              h - ring of ice
MPRegen  0.11/turn              (no ring)

@: no status effects
A: small, mutation resistance 1
a: no special abilities


You were on level 4 of the Dungeon.
You were not hungry.

You visited 1 branch of the dungeon, and saw 4 of its levels.

You collected 207 gold pieces.

Inventory:

Hand Weapons
 a - a +1 hunting sling
 b - a +3 dagger of venom (weapon)
 u - a +1 dagger of electrocution
Missiles
 d - 24 sling bullets
 g - 233 stones (quivered)
Armour
 e - a +0 pair of boots (worn)
 q - a +0 ring mail (worn)
 s - a +1 pair of gloves
Jewellery
 h - a ring of ice (left hand)
 t - an uncursed ring of protection from magic {unknown}
Scrolls
 c - 3 scrolls of enchant weapon
 i - a scroll of magic mapping
 j - a scroll of fear
 l - 2 scrolls of teleportation {unknown}
 p - 2 scrolls of remove curse {unknown}
 v - a scroll of identify
 w - 2 scrolls of fog {unknown}
Potions
 k - a potion of curing {unknown}
 m - a potion of mutation {unknown}
 o - a potion of heal wounds {unknown}
 r - a potion of cancellation {unknown}
Books
 n - a book of Minor Magic

   Spells                             Type                      Level
   a - Magic Dart                     Conjuration                  1
   b - Blink                          Translocation                2
   c - Call Imp                       Summoning                    2
   d - Slow                           Hexes                        2
   e - Conjure Flame                  Conjuration/Fire             3
   f - Mephitic Cloud                 Conjuration/Poison/Air       3
Comestibles
 f - a ration


   Skills:
 + Level 3.7 Fighting
 + Level 4.3 Short Blades
 * Level 9.6 Slings
 + Level 3.8 Armour
 - Level 4.0 Dodging
 - Level 1.1 Stealth
 + Level 2.9 Translocations


You had 5 spell levels left.
You knew the following spells:

 Your Spells              Type           Power        Failure   Level  Hunger
a - Blink                 Tloc           N/A          34%         2    ###....


Dungeon Overview and Level Annotations

Branches:
Dungeon (4/15)
 Temple: D:4-7

Altars:
Dithmenos
Qazlal
Zin

Annotations:
D:4 Chudej's ghost, amateur DECj


Innate Abilities, Weirdness & Mutations

You are small and have problems with some larger weapons.
You are somewhat resistant to further mutation.


Message History

Chudej's ghost gestures at you while chanting.
The magic dart hits you!
You miss Chudej's ghost.
Chudej's ghost is almost destroyed.
Chudej's ghost points at you and mumbles some strange words.
The magic dart hits you!
* * * LOW HITPOINT WARNING * * *
You miss Chudej's ghost.
Chudej's ghost is almost destroyed.
Chudej's ghost closely misses you.
As you read the scroll of fear, it crumbles to dust.
You assume a fearsome visage.
Chudej's ghost is unaffected.
Chudej's ghost points at you and mumbles some strange words.
The magic dart hits you!
* * * LOW HITPOINT WARNING * * *
You miss Chudej's ghost.
Chudej's ghost is almost destroyed.
Chudej's ghost casts a spell at you. The magic dart hits you!
You die...

########.# #.# #.#
#.# # #.# #####.
#.# #.(...### #.#
......W.# #.# #@#
#.#
####.#########.#
#..............#
.....##.###########
..## #.# #.# ..#
..# #..#


You could see Chudej's ghost.

Vanquished Creatures
  Grinder (D:4)
  Sigmund (D:2)
  6 big kobolds (D:3)
  A water moccasin skeleton (D:3)
  5 orc wizards
  A worker ant (D:4)
  2 adders
  A gnoll (D:3)
  A worm (D:2)
  A dart slug (D:2)
  4 leopard geckos
  11 orcs
  4 giant cockroaches
  6 goblins
  6 hobgoblins
  41 kobolds
  A quokka (D:2)
  3 ball pythons (D:3)
  5 bats
  6 frilled lizards
  8 rats
115 creatures vanquished.

Notes
Turn   | Place    | Note
-------+----------+-------------------------------------------
     0 | D:1      | LevaFresel the Halfling Hunter began the quest for the Orb.
     0 | D:1      | Reached XP level 1. HP: 14/14 MP: 1/1
   106 | D:1      | Reached skill level 6 in Slings
   106 | D:1      | Reached XP level 2. HP: 19/19 MP: 2/2
   424 | D:1      | Reached skill level 1 in Short Blades
   767 | D:2      | Found a shadowy altar of Dithmenos.
   827 | D:2      | Reached XP level 3. HP: 24/24 MP: 3/3
   861 | D:2      | Reached skill level 1 in Armour
   861 | D:2      | Reached XP level 4. HP: 26/29 MP: 4/4
   940 | D:2      | Noticed Sigmund
   959 | D:2      | Found a glowing silver altar of Zin.
   978 | D:2      | Killed Sigmund
   978 | D:2      | Reached skill level 7 in Slings
   978 | D:2      | Reached XP level 5. HP: 20/35 MP: 5/5
   978 | D:2      | Reached XP level 6. HP: 24/41 MP: 6/6
  1130 | D:2      | Learned a level 2 spell: Blink
  1224 | D:2      | Found a stormy altar of Qazlal.
  2092 | D:3      | Reached skill level 8 in Slings
  2092 | D:3      | Reached skill level 1 in Translocations
  2124 | D:3      | Reached XP level 7. HP: 24/45 MP: 7/7
  2736 | D:3      | Reached XP level 8. HP: 43/52 MP: 8/8
  2750 | D:3      | Reached skill level 9 in Slings
  3842 | D:4      | Noticed Grinder
  3875 | D:4      | Killed Grinder
  4018 | D:4      | Noticed Chudej's ghost (amateur DECj)
  4064 | D:4      | Killed from afar by Chudej's ghost

Skill      XL: |  1  2  3  4  5  6  7  8 |
---------------+-------------------------+-----
Slings         | 6 7 8 9 |  9.6
Fighting       | 2 3 |  3.7
Short Blades   | 1 2 3 4 |  4.3
Armour         | 1 2 3 |  3.8
Dodging        | 3 4 |  4.0
Translocations | 1 2 |  2.9
Stealth        | |  1.1

Action                   |  1- 3 |  4- 6 |  7- 9 || total
-------------------------+-------+-------+-------++-------
Melee: Short sword       |     3 |       |       ||     3
       Dagger            |    39 |    35 |   189 ||   263
 Fire: Hunting sling     |    43 |    81 |    33 ||   157
 Cast: Blink             |       |     1 |       ||     1
  Use: Scroll            |     3 |       |     2 ||     5
  Eat: Ration            |       |     1 |     2 ||     3
Armor: Leather armour    |     8 |       |       ||     8
       Ring mail         |     8 |     8 |    54 ||    70
Dodge: Dodged            |    49 |    38 |   114 ||   201
